Frizzbo, neutral female gnomish Wizard --- --.---- |...... |-....-- --......|.- |.....Ga..... |...|...|..... --.---.----... --- --- --....- ---------....--- |.......^.)....... |...------....-.[. --.. |..%.^... --... ---...--- |..... --- |...<- --..-- Frizzbo the Conjurer Experience level: 4 Strength: 9 Dexterity: 17 Constitution: 11 Intelligence: 11 Wisdom: 16 Charisma: 10 Health: 0(27) Energy: 40(53) Def: 2 Gold: 405 Moves: 1704 Dungeon seed: n_S7IGW-FGoPiUXU Game ID: Frizzbo_1467126400 Your Inventory: Coins $ - 405 gold pieces Weapons a - a blessed +1 quarterstaff f - an uncursed +2 aklys (alternate weapon; not wielded) s - an uncursed +0 elven dagger (weapon in hand) Armor e - an uncursed +0 cloak of magic resistance (being worn) n - a blessed +0 orcish helm (being worn) Comestibles j - 2 uncursed tripe rations z - an uncursed eucalyptus leaf Scrolls h - 2 uncursed scrolls of create monster m - an uncursed scroll of scare monster t - an uncursed scroll of teleportation u - a cursed scroll of enchant armor w - an uncursed scroll of fire x - a cursed scroll of identify Spellbooks b - a blessed spellbook of force bolt c - an uncursed spellbook of detect monsters v - an uncursed spellbook of jumping A - an uncursed spellbook of extra healing Potions i - an uncursed potion of booze o - an uncursed potion of extra healing Wands d - an uncursed wand of nothing (0:4) Tools g - an uncursed stethoscope l - an uncursed leash Gems q - an uncursed worthless piece of yellowish brown glass Spells and supernatural/magical abilities: Name Level Category Fail Memory a - force bolt 1 attack 25% 92% j - jumping 1 escape 25% 100% n - detect monsters 1 divination 25% 92% W - pray for help -- divine ? -- Your skills at the end: Miscellaneous Skills wands [Basic] Weapon Skills quarterstaff [Basic] crossbow [Basic] Spellcasting Skills attack spells [Basic] enchantment spells [Basic] Final Attributes: You were devoutly aligned. You were magic-protected. You were telepathic. You had infravision. You are dead. Vanquished creatures: a shrieker a floating eye a kobold lord an iguana 2 dwarf zombies 2 hobbits a gecko a hobgoblin a giant rat a cave spider a gnome zombie 4 jackals a fox a kobold 3 newts 5 goblins a sewer rat 4 lichens 3 kobold zombies 35 creatures vanquished. Voluntary challenges: You did not adorn yourself with jewelry or accessories. You used a wielded weapon 20 times, starting on turn 210. You did not use tools. You read items or engraved 5 times, starting on turn 1160. You never genocided any monsters. You never polymorphed an object. You never changed form. You used no wishes. You never split a pudding. You never wrote Elbereth's name. You never violated your personal moral code. Dungeon overview: The Dungeons of Doom: levels 1 to 4 Level 1 a long staircase Level 2 some fountains Level 3 a fountain Level 4 a fountain stairs to The Gnomish Mines The Gnomish Mines: Level 5 <- You were here stairs to The Dungeons of Doom History has recorded: On T:1 you entered the Dungeons of Doom to retrieve the Amulet of Yendor! On T:406 you advanced to experience level 2. On T:465 you reached level 2 of The Dungeons of Doom. On T:627 you advanced to experience level 3. On T:776 you reached level 3 of The Dungeons of Doom. On T:1222 you reached level 4 of The Dungeons of Doom. On T:1595 you reached level 1 of The Gnomish Mines. On T:1630 you advanced to experience level 4. Score breakdown: Gold: 405 ( 40 points) Experience: 4 levels ( 300 points) Exploration: 5 levels ( 120 points) Discoveries: 1 item ( 50 points) Variety of kills: 19 monsters ( 950 points) Major goal: (nothing yet) ( 0 points) Survival: died (score multiplied by 3) Total score: 4380 Latest messages: q - a yellowish brown gem. You hear crashing rock. You stab the giant ant. The giant ant bites! You stab the giant ant. The giant ant just misses! The giant ant bites! The spell hits the giant ant! The giant ant bites! The giant ant bites! You miss the giant ant. The giant ant bites! (2x) You fail to cast the spell correctly. The giant ant bites! (2x) The spell misses the giant ant. The giant ant bites! You die... Final status: Goodbye Frizzbo the Wizard, killed by a giant ant... You died in The Gnomish Mines on dungeon level 5 with 4380 points, and 405 pieces of gold, after 1704 moves. You were level 4 with a maximum of 27 hit points when you died.